 Dungeon Crawl Stone Soup version 0.19-a0-1019-g9c6a58d (webtiles) character file.

49 ololoev the Chopper (level 3, -4/31 HPs)
             Began as a Hill Orc Fighter on July 26, 2016.
             Slain by a gnoll
             ... wielding a +0 halberd
              (7 damage)
             ... on level 2 of the Dungeon.
             The game lasted 00:01:14 (254 turns).

ololoev the Chopper (Hill Orc Fighter)               Turns: 254, Time: 00:01:14

Health: -4/31      AC:  8    Str: 24    XL:     3   Next: 77%
Magic:  3/3        EV:  9    Int:  8    God:
Gold:   22         SH:  0    Dex: 10    Spells: 0 memorised, 2 levels left

rFire  . . .     SeeInvis .     a - +0 war axe
rCold  . . .     Gourm    .     b - +0 scale mail
rNeg   . . .     Faith    .     (no shield)
rPois  .         Spirit   .     (no helmet)
rElec  .         Dismiss  .     (no cloak)
rCorr  .         Reflect  .     (no gloves)
SustAt .         Harm     .     c - +0 pair of boots
MR     .....                    (no amulet)
Stlth  ..........               (no ring)
                                (no ring)

@: mighty, not resistant to hostile enchantments, extremely unstealthy
A: no striking features
a: no special abilities

Inventory:

Hand Weapons
 a - a +0 war axe (weapon)
Armour
 b - a +0 scale mail (worn)
 c - a +0 pair of boots (worn)
Scrolls
 e - a scroll of recharging {unknown}
 g - 3 scrolls of enchant weapon {unknown}
Potions
 h - a potion of ambrosia {unknown}
 i - a potion of invisibility {unknown}
Comestibles
 f - a bread ration


   Skills:
 - Level 3.6 Fighting
 * Level 4.3 Axes
 + Level 4.1 Armour
   Level 3.2 Shields


You had 2 spell levels left.
You didn't know any spells.


You were on level 2 of the Dungeon.
You were not hungry.

You visited 1 branch of the dungeon, and saw 2 of its levels.

You collected 22 gold pieces.

#.# #.# #.#
##+#### #.#
#.....#
#.########
#.....#
#........#
#.....#
########.#
#.....# #.#
#.....# #.#
#.@g..#
#.###.)...#
#......####
########

Notes
Turn   | Place    | Note
-------+----------+-------------------------------------------
     0 | D:1      | ololoev the Hill Orc Fighter began the quest for the Orb.
     0 | D:1      | Reached XP level 1. HP: 19/19 MP: 1/1
    38 | D:1      | Reached XP level 2. HP: 26/26 MP: 2/2
   252 | D:2      | Reached XP level 3. HP: 17/31 MP: 3/3
   254 | D:2      | Slain by a gnoll

Dungeon Overview and Level Annotations

Branches:
Dungeon (2/15)

Altars:


Message History

The bat moves out of view.
The bat barely misses you. The bat barely misses you.
Found 6 gold pieces.
The bat barely misses you.
You slash the bat!
You kill the bat!
You barely miss the hobgoblin.
The hobgoblin hits you but does no damage.
The hobgoblin hits you with a club.
You slash the hobgoblin!
You kill the hobgoblin!
You see here a bat corpse.
Found a stone staircase leading down.
You now have 15 gold pieces (gained 6).
There is a stone staircase leading down here.
You climb downwards.
A bat and a worm come into view.
There is a stone staircase leading up here.
You miss the bat. The bat hits you but does no damage.
The bat hits you but does no damage. x2
You slash the bat!
You kill the bat!
You barely miss the worm. The worm closely misses you.
You hit the worm.
The worm is moderately wounded.
The worm bites you but does no damage.
You completely miss the worm.
The worm is lightly wounded.
You hit the worm.
The worm is heavily wounded.
The worm bites you.
You hit the worm.
The worm is severely wounded.
The worm bites you.
You slash the worm!
You kill the worm!
No target in view!
There is a stone staircase leading up here.
You see here a worm corpse.
Found 7 gold pieces.
Found 11 stones.
Found a fuming purple potion.
You now have 22 gold pieces (gained 7).
Found 19 stones.
h - a fuming purple potion
Found a black potion.
You see here 19 stones.
i - a black potion A gnoll comes into view.
The gnoll shouts!
A gnoll comes into view. It is wielding a flail of crushing.
The gnoll shouts! 2 gnolls come into view.
The gnoll hits you but does no damage.
You feel very mighty all of a sudden.
The gnoll hits you with a flail of crushing.
The gnoll misses you.
You slash the gnoll!
The gnoll is almost dead.
You slash the gnoll!
You kill the gnoll!
You have reached level 3!
Your experience leads to an increase in your attributes!
Your base attributes are Str 18, Int 8, Dex 10.
Increase (S)trength, (I)ntelligence, or (D)exterity?
You feel stronger.
You hit the gnoll. The gnoll closely misses you.
The gnoll hits you from afar with a halberd!
The gnoll misses you.
You slash the gnoll!
You kill the gnoll!
Your Axes skill increases to level 4!
Your Armour skill increases to level 4!
You slash the gnoll!
You kill the gnoll!
The gnoll barely misses you.
Unknown command.
Unknown command.
The gnoll hits you with a halberd!
You die...

You could see a gnoll.

Vanquished Creatures
  3 gnolls (D:2)
  An ooze (D:1)
  A worm (D:2)
  A dart slug (D:1)
  2 bats
  3 hobgoblins (D:1)
  A rat (D:1)
12 creatures vanquished.

Action                   || total
-------------------------++-------
Melee: War axe           ||    21
  Use: Potion            ||     1
Armor: Scale mail        ||    10
Dodge: Dodged            ||     9

Vault maps used:
D:1:      dpeg_arrival_simpleton_c
D:2:      first_bread, uniq_jessica
